Map: Dusty Gorge

Players

MonstroTown - Winner!

  • Race: Terran Terran
  • Spawn Location: 3:00

Michael - Winner!

  • Race: Zerg Zerg
  • Spawn Location: 5:00

TheLakeshow

  • Race: Zerg Zerg
  • League: Gold
  • Spawn Location: 9:00

Strategic

  • Race: Terran Terran
  • League: Gold
  • Spawn Location: 11:00

VOD

Have the link to the VOD?

Description

Time

  • Played on: Sept. 8, 2018, 1:49 p.m.
  • Length: 9:40
Show
View Real Time Build Order
Export as new Build Order

MonstroTown Terran - Winner!

Build Orders: Reaper Expand, MMM Bio 

Get SALT Encoding   

  12  0:00  SCV  
  13  0:13  SCV  
  14  0:18  Supply Depot  
  14  0:25  SCV  
  15  0:40  SCV  
  15  0:41  Barracks  
  16  0:47  Refinery  
  16  0:52  SCV  
  17  1:04  SCV  
  18  1:16  SCV  
  19  1:29  Orbital Command  
  19  1:31  Reaper  
  20  1:51  Command Center  
  20  1:56  SCV  
  21  2:01  Refinery  
  21  2:08  Barracks Reactor  
  21  2:09  Supply Depot  
  21  2:10  SCV  
  22  2:22  SCV  
  23  2:31  Factory  
  23  2:34  SCV  
  24  2:45  Barracks  
  24  2:46  SCV, Marine  
  26  2:53  Supply Depot  
  26  2:58  Marine  
  26  2:59  SCV  
  28  3:09  Orbital Command  
  28  3:11  SCV  
  29  3:13  Marine  
  29  3:16  Factory Tech Lab  
  29  3:19  Marine  
  30  3:23  SCV  
  32  3:35  SCV, Barracks Tech Lab  
  32  3:36  SCV  
  32  3:37  Starport  
  34  3:45  Siege Tank  
  34  3:47  SCV, Marine  
  39  3:50  SCV  
  40  3:56  Stimpack  
  40  4:02  Marauder, Marine  
  43  4:06  Supply Depot  
  43  4:12  Engineering Bay, SCV x2  
  45  4:23  Marine  
  45  4:24  SCV, Marauder, Marine  
  50  4:41  SCV x2  
  52  4:47  Siege Tank  
  52  4:49  Starport Tech Lab  
  52  4:50  Marine x2  
  52  4:51  Marauder  
  59  4:53  SCV x2  
  61  5:00  Supply Depot  
  61  5:04  Refinery  
  61  5:05  SCV  
  61  5:06  SCV, Terran Infantry Weapons Level 1  
  63  5:11  Marine  
  63  5:12  Marine  
  65  5:18  SCV x2  
  67  5:22  Siege Tank  
  70  5:30  SCV  
  70  5:33  SCV  
  72  5:46  SCV  
  72  5:47  SCV, Marine x2  
  72  5:48  Marauder  
  77  5:57  Raven, Supply Depot  
  77  5:58  Supply Depot x2  
  77  6:00  Engineering Bay  
  79  6:04  Refinery  
  79  6:05  Widow Mine, Marine  
  79  6:11  Marauder, Marine  
  85  6:25  Marine  
  86  6:34  Barracks  
  86  6:36  Barracks  
  86  6:38  Barracks  
  86  6:39  Terran Infantry Armor Level 1  
  86  6:40  Command Center  
  86  6:43  Marine x2  
  88  6:57  Combat Shields  
  88  7:00  Banshee  
  91  7:01  Siege Tank  
  91  7:02  Marine x2  
  91  7:07  Armory  
  96  7:11  Supply Depot  
  96  7:12  Supply Depot  
  96  7:13  Marauder  
  98  7:18  SCV  
  98  7:19  SCV  
  100  7:23  Barracks Tech Lab, Barracks Reactor  
  100  7:24  Marine x2  
  100  7:29  Barracks Reactor  
  102  7:44  Marine x2  
  102  7:45  Marauder x2  
  102  7:47  Siege Tank  
  107  8:07  Marauder  
  106  8:21  Marine x3  
  106  8:22  Marauder  
  105  8:28  Marauder  
  105  8:30  Marine x3  
  110  8:39  Marine  
  110  8:44  Marauder  
  112  8:50  Barracks  
  112  8:52  Barracks  
  102  8:56  Barracks  
  102  8:59  Marine x2  
  102  9:00  Marine x3  
  102  9:01  Marauder  
  107  9:05  Marauder  
  109  9:12  Marine  
  108  9:17  Marine  
  111  9:36  Supply Depot  
Show
View Real Time Build Order
Export as new Build Order

Michael Zerg - Winner!

Build Orders: Hatch First 

Get SALT Encoding   

  12  0:01  Drone  
  13  0:13  Overlord  
  13  0:18  Drone  
  14  0:31  Drone x2  
  14  0:35  Drone  
  17  0:45  Drone  
  18  0:59  Hatchery  
  18  1:01  Drone  
  18  1:09  Extractor  
  17  1:17  Spawning Pool  
  16  1:20  Drone  
  16  1:23  Drone  
  18  1:35  Drone  
  18  1:39  Drone  
  20  1:49  Overlord  
  20  2:04  Queen  
  22  2:11  Queen  
  22  2:12  Metabolic Boost  
  22  2:14  Zergling x4  
  26  2:16  Zergling x2  
  27  2:26  Drone x2  
  29  2:36  Roach Warren  
  29  2:37  Drone  
  29  2:40  Drone  
  30  2:49  Drone  
  30  2:50  Drone  
  32  3:16  Zergling x8  
  35  3:39  Overlord x2  
  34  3:49  Lair  
  34  3:53  Extractor  
  32  3:57  Drone x3, Evolution Chamber  
  32  3:58  Drone x2, Evolution Chamber  
  32  3:59  Hatchery, Drone  
  35  4:02  Drone  
  35  4:09  Roach  
  36  4:12  Roach  
  38  4:21  Roach  
  38  4:22  Roach  
  38  4:23  Roach  
  44  4:30  Queen  
  46  4:32  Drone  
  46  4:34  Drone  
  46  4:37  Drone  
  49  4:39  Drone  
  50  4:47  Zerg Ground Armor Level 1  
  50  4:53  Drone x2  
  50  4:56  Overlord  
  50  4:58  Overlord  
  52  5:06  Extractor, Drone  
  52  5:07  Extractor, Drone  
  52  5:13  Queen  
  54  5:18  Roach x2  
  54  5:20  Roach  
  60  5:24  Drone  
  60  5:26  Drone x2  
  63  5:28  Drone  
  64  5:38  Glial Reconstitution  
  64  5:46  Hydralisk Den  
  63  5:50  Spore Crawler  
  63  5:53  Drone  
  63  5:54  Drone x2  
  63  5:55  Drone  
  66  6:05  Zerg Missile Weapons Level 1  
  66  6:10  Overlord x5  
  66  6:27  Queen  
  66  6:29  Drone x6  
  66  6:31  Drone  
  75  6:33  Drone  
  75  6:35  Drone  
  75  6:37  Drone  
  78  6:47  Zerg Ground Armor Level 2  
  78  6:50  Muscular Augments  
  79  7:01  Drone x4  
  79  7:02  Drone  
  79  7:08  Spore Crawler  
  82  7:27  Hydralisk x6  
  82  7:28  Infestation Pit, Hydralisk  
  95  7:33  Roach x2  
  95  7:35  Roach  
  95  8:02  Grooved Spines  
  95  8:03  Hydralisk x5  
  95  8:04  Hydralisk x3  
  99  8:06  Zergling x2  
  100  8:14  Hydralisk  
  100  8:15  Hydralisk  
  104  8:22  Roach  
  106  8:40  Overlord x4  
  106  8:41  Overlord x6  
  85  9:02  Hydralisk x2  
  83  9:03  Hydralisk x7  
  83  9:04  Hydralisk  
  97  9:12  Roach  
  97  9:13  Roach x3  
  97  9:14  Roach  
  97  9:16  Zergling x6  
  102  9:38  Extractor  
Show
View Real Time Build Order
Export as new Build Order

TheLakeshow Zerg 

Build Orders: Hatch First, Swarm Host 

Get SALT Encoding   

  12  0:17  Overlord  
  12  0:24  Drone x2  
  14  0:52  Hatchery, Drone  
  14  0:54  Drone  
  15  0:58  Drone  
  16  1:06  Drone  
  17  1:15  Drone  
  18  1:46  Drone x3  
  21  1:49  Extractor  
  21  1:51  Spawning Pool  
  19  1:58  Drone  
  20  2:12  Drone  
  20  2:13  Drone  
  22  2:16  Hatchery  
  21  2:35  Drone x2  
  21  2:36  Drone x2  
  21  2:37  Drone  
  26  2:39  Queen  
  26  2:43  Extractor  
  27  2:45  Spine Crawler  
  26  3:00  Queen  
  26  3:01  Overlord  
  28  3:10  Overlord  
  28  3:13  Metabolic Boost  
  28  3:19  Zergling x4  
  30  3:25  Zergling x4  
  30  3:26  Zergling x2  
  33  3:30  Zergling x2  
  34  3:40  Spine Crawler  
  31  3:57  Queen  
  31  3:59  Drone x2  
  31  4:00  Drone  
  36  4:12  Drone x2  
  36  4:13  Drone  
  39  4:21  Drone x2  
  39  4:22  Drone x4  
  39  4:23  Queen  
  47  4:26  Extractor  
  46  4:34  Lair  
  46  4:40  Drone  
  47  5:02  Drone  
  47  5:03  Drone x2  
  50  5:10  Overlord  
  50  5:17  Drone x2, Evolution Chamber x2  
  50  5:18  Overlord  
  50  5:19  Extractor, Pneumatized Carapace  
  49  5:24  Spore Crawler  
  49  5:27  Spore Crawler  
  47  5:33  Overlord  
  47  5:34  Zergling x4  
  47  5:35  Zergling x6  
  52  5:38  Queen, Drone x3  
  57  5:49  Infestation Pit  
  56  5:50  Drone  
  56  5:52  Drone  
  56  5:55  Extractor x2  
  56  5:58  Drone x3  
  56  5:59  Drone x2  
  56  6:02  Zerg Missile Weapons Level 1  
  61  6:10  Overlord  
  61  6:15  Drone x4  
  61  6:17  Overseer  
  65  6:19  Overseer  
  65  6:23  Drone x3  
  68  6:41  Overlord  
  68  6:42  Overlord  
  68  6:43  Swarm Host x3  
  77  6:53  Swarm Host  
  80  6:57  Overlord x2  
  80  7:06  Drone x5  
  80  7:07  Nydus Network  
  84  7:12  Overlord  
  84  7:13  Swarm Host x2  
  90  7:19  Drone x3  
  93  7:23  Overlord  
  93  7:35  Overseer  
  93  7:40  Swarm Host x3  
  93  7:43  Zergling x4  
  93  7:44  Zergling x2  
  99  8:08  Swarm Host x3  
  108  8:32  Overlord x3  
  108  8:38  Roach Warren  
  99  9:10  Zergling x12  
  99  9:12  Zergling x12  
  99  9:13  Zergling x6  
Show
View Real Time Build Order
Export as new Build Order

Strategic Terran 

Build Orders: MMM Bio 

Get SALT Encoding   

  12  0:02  SCV  
  13  0:14  SCV  
  13  0:21  Supply Depot  
  14  0:26  Refinery  
  14  0:32  SCV  
  15  0:44  SCV  
  15  0:49  Barracks  
  17  1:04  SCV, Supply Depot  
  17  1:26  Engineering Bay  
  17  1:32  Barracks  
  17  1:35  SCV  
  17  1:38  Marine  
  19  1:54  Orbital Command  
  19  2:05  Barracks Tech Lab  
  19  2:08  Supply Depot  
  19  2:25  Factory  
  19  2:26  SCV  
  20  2:32  Marauder  
  21  2:41  SCV  
  22  2:53  SCV  
  23  3:03  Barracks Reactor  
  22  3:05  SCV  
  23  3:20  Supply Depot  
  25  3:34  Marauder  
  25  3:35  Factory Tech Lab  
  25  3:40  Refinery  
  23  3:50  Marine x2  
  25  3:58  SCV  
  26  4:03  Command Center  
  26  4:08  Marine x2  
  28  4:20  Stimpack  
  28  4:22  Siege Tank  
  28  4:23  SCV  
  32  4:26  Marine x2  
  34  4:44  Marine x2  
  36  4:53  SCV  
  37  5:01  Marine  
  37  5:02  Siege Tank, Marine  
  37  5:05  SCV  
  43  5:09  Supply Depot  
  43  5:13  Missile Turret  
  43  5:17  SCV  
  43  5:20  Orbital Command  
  44  5:27  Refinery  
  44  5:29  SCV  
  45  5:41  SCV  
  46  5:47  Terran Infantry Weapons Level 1  
  46  5:48  Marine x2  
  48  5:53  SCV  
  49  6:01  SCV  
  50  6:05  SCV  
  50  6:06  Marine x2  
  53  6:14  SCV, Supply Depot  
  53  6:17  Marauder  
  53  6:18  SCV  
  57  6:21  Combat Shields  
  57  6:23  Siege Tank  
  60  6:26  SCV  
  60  6:30  Marine x2  
  63  6:38  SCV x2  
  65  6:43  Starport  
  65  6:46  Marauder  
  67  6:50  SCV  
  67  6:52  Factory  
  68  6:56  SCV  
  69  7:01  Missile Turret  
  69  7:02  SCV  
  70  7:08  SCV  
  71  7:21  Siege Tank  
  74  7:23  Starport Reactor  
  74  7:27  Missile Turret  
  74  7:33  Command Center  
  74  7:36  Supply Depot  
  74  7:41  Missile Turret  
  71  8:01  Refinery  
  64  8:29  Viking x2  
  64  8:31  Factory Tech Lab  
  64  8:32  Siege Tank  
  54  8:59  Viking  
  54  9:02  Marauder  
  52  9:06  Siege Tank x2  
Tags
 
Add a new tag
Caveats
  • Supply blocks, unpowered buildings, or Contaminate may cause inaccurate times.
  • Supply counts are checked every 10 seconds.